 Dungeon Crawl Stone Soup version 0.28-a0-1510-gd0f6b136d3 (webtiles) character file.

Game seed: 14106668190313520284

313 cheechan the Cudgeller (level 6, -3/54 (57) HPs)
             Began as a Naga Monk on Jan 16, 2022.
             Slain by a necrophage (6 damage)
             ... on level 5 of the Dungeon.
             The game lasted 00:08:35 (2153 turns).

cheechan the Cudgeller (Naga Monk)                  Turns: 2153, Time: 00:08:36

HP:   -3/54 (57)    AC: -9    Str: 15    XL:     6   Next: 43%
MP:   6/6           EV:  9    Int: 10    God:
Gold: 197           SH:  0    Dex: 14    Spells: 5/5 levels left

rFire   . . .      SeeInvis +   a - +0 mace (protect)
rCold   . . .      Faith    .   (no shield)
rNeg    . . .      Spirit   .   k - +0 ring mail
rPois   +          Reflect  .   (no helmet)
rElec   .          Harm     .   d - +1 cloak
rCorr   .          Rampage  .   (no gloves)
Will    .....                   (no barding)
Stlth   ++........              (no amulet)
HPRegen 0.18/turn               (no ring)
MPRegen 0.10/turn               (no ring)

@: corroded, attractive, drained, very slow
A: AC +2, large, see invisible, deformed body, poison resistance, slowness 2,
spit poison 1, naga tail 1
a: Spit Poison


You were on level 5 of the Dungeon.
You visited 1 branch of the dungeon, and saw 4 of its levels.

You collected 197 gold pieces.

Inventory:

Hand Weapons
 a - a +0 mace of protection (weapon)
Missiles
 e - 82 stones
 g - 20 arrows
 i - 6 poisoned darts
Armour
 d - a +1 cloak (worn)
 k - a +0 ring mail (worn)
Potions
 b - a potion of lignification {unknown}
 f - a potion of attraction
 h - a potion of flight {unknown}
 j - a potion of haste {unknown}
 l - a potion of mutation {unknown}
 m - a potion of cancellation {unknown}


   Skills:
 + Level 4.0 Fighting
 + Level 5.1 Maces & Flails
 + Level 0.5 Armour
 + Level 3.3 Dodging
 + Level 4.7 Stealth


You had 5 spell levels left.
You didn't know any spells.
Your spell library was empty.

Dungeon Overview and Level Annotations

Branches:
Dungeon (3/15)

Altars:


Innate Abilities, Weirdness & Mutations

Your serpentine skin is tough. (AC +2)
You have supernaturally acute eyesight. (SInv)
Armour fits poorly on your strangely shaped body.
Your system is resistant to poisons. (rPois)
You cover ground very slowly.
You can spit poison.
You have a snake-like lower body.


Message History

The splash of poison hits the jelly.
The jelly is moderately wounded.
The necrophage hits you but does no damage.
The jelly closely misses you.
You hit the jelly.
Your weapon exudes an aura of protection.
The acid corrodes you!
Your hands burn!
The jelly is moderately wounded.
The necrophage hits you but does no damage.
The jelly barely misses you.
You hit the jelly.
Your hands burn!
The jelly is heavily wounded.
The necrophage barely misses you. The jelly hits you.
You are splashed with acid!
The necrophage barely misses you.
You hit the jelly but do no damage. The acid corrodes you!
Your hands burn!
The jelly is heavily wounded.
The jelly hits you.
You are splashed with acid!
The necrophage hits you.
You feel drained.
You hit the jelly.
Your hands burn!
The jelly is heavily wounded.
The jelly closely misses you. The necrophage completely misses you.
You have got your breath back.
The jelly hits you but does no damage. The necrophage barely misses you.
The jelly hits you. The acid corrodes you!
You are splashed with acid!
* * * LOW HITPOINT WARNING * * *
You aren't carrying any scrolls.
You feel better. The necrophage barely misses you. The jelly hits you.
You are splashed with acid!
* * * LOW HITPOINT WARNING * * *
You feel better. The necrophage hits you!
* * * LOW HITPOINT WARNING * * *
The jelly hits you.
* * * LOW HITPOINT WARNING * * *
The acid corrodes you!
You are splashed with acid!
* * * LOW HITPOINT WARNING * * *
It was a potion of attraction.
You feel attractive to monsters. The necrophage hits you.
You die...

#.###.## #.###.# ..# #.#
#.....## .. .
#####.########...# .# .#.
#.......# #.[.# .# ...
#.##.##.# #...#####.##.. #
#.......# #...#.......##..
##..#.##.#####...#...........
...............รท.............
....#........)..@J.......#
...........).....n.....[.#
#.#..#...###................#
#........# #.#...........#...
#.......## #.#.....####......
####.#### #.#...........#.#.
#.# #.#....#####.##.# ####.#
#......# .# . .....# #####.##


You could see a necrophage and a jelly.

Vanquished Creatures
  An ogre (D:2)
  A scorpion (D:5)
  2 centaur zombies (D:5)
  A bullfrog skeleton (D:5)
  2 adders
  2 dart slugs
  4 ball pythons (D:1)
  5 bats
  4 endoplasms
  4 giant cockroaches
  9 goblins
  6 hobgoblins
  4 kobolds
  2 frilled lizards (D:1)
  7 rats
54 creatures vanquished.

Vanquished Creatures (others)
  3 fungi (D:3)
  4 toadstools (D:3)
7 creatures vanquished.

Grand Total: 61 creatures vanquished

Notes
Turn   | Place    | Note
-------+----------+-------------------------------------------
     0 | D:1      | cheechan the Naga Monk began the quest for the Orb.
     0 | D:1      | Reached XP level 1. HP: 21/21 MP: 1/1
   226 | D:1      | Reached XP level 2. HP: 28/28 MP: 2/2
   499 | D:1      | Reached XP level 3. HP: 34/34 MP: 3/3
  1020 | D:2      | Noticed an ogre
  1028 | D:2      | HP: 1/34 [ogre (18)]
  1030 | D:2      | Killed an ogre
  1031 | D:2      | Reached skill level 4 in Maces & Flails
  1031 | D:2      | Reached XP level 4. HP: 2/44 MP: 4/4
  1031 | D:2      | Reached XP level 5. HP: 2/50 MP: 5/5
  1894 | D:3      | You fall into a shaft and drop 2 floors!
  1894 | D:5      | Entered Level 5 of the Dungeon
  1942 | D:5      | Reached XP level 6. HP: 52/57 MP: 6/6
  2000 | D:5      | Reached skill level 5 in Maces & Flails
  2134 | D:5      | Noticed a necrophage
  2153 | D:5      | Slain by a necrophage

Illustrated notes

Levels and vault maps discovered:
D:1:      matt_arrival_refuge, layout_loops_ring, serial_glass, glass_columns_a,
          glass_columns_a
D:2:      layout_basic
D:3:      layout_rooms, minivault_24, st_stairs_7, minmay_gold_behind_fungi
D:5:      layout_loops_cross

Skill      XL: |  1  2  3  4  5  6 |
---------------+-------------------+-----
Maces & Flails | 4 5 |  5.1
Dodging        | 3 |  3.3
Stealth        | 4 |  4.7
Fighting       | 4 |  4.0
Armour         | |  0.5

Action                   |  1- 3 |  4- 6 || total
-------------------------+-------+-------++-------
Melee: Mace              |    63 |    62 ||   125
       Punch             |     1 |     1 ||     2
 Abil: Spit Poison       |    15 |    16 ||    31
  Use: Scroll            |     3 |     3 ||     6
       Potion            |       |     3 ||     3
 Stab: Sleeping          |     4 |     3 ||     7
Armor: Robe              |    25 |     6 ||    31
       Ring mail         |       |    51 ||    51
Dodge: Dodged            |    36 |    49 ||    85

Table legend: (Time is in decaauts)
 A = Elapsed time spent in this place.
 B = Non-inter-level travel time spent in this place.
 C = Inter-level travel time spent in this place.
 D = Time resting spent in this place.
 E = Time spent auto-exploring this place.
 F = Levels seen in this place.
 G = Mean time per level.
                   A        B        C        D        E       F      G
               +--------+--------+--------+--------+--------+-----+--------+
         Total |   2830 |   2830 |      0 |    277 |      0 |   4 |  707.5 |
       Dungeon |   2830 |   2830 |      0 |    277 |      0 |   4 |  707.5 |
               +--------+--------+--------+--------+--------+-----+--------+

Top non-repeatable levels by time:
     D:2: 1051 daAuts
     D:1: 1031 daAuts
     D:3: 400 daAuts
     D:5: 347 daAuts
